 Dungeon Crawl Stone Soup version 0.29-a0-721-g7f417c9bbb (webtiles) character file.

Game seed: 13264397111780452488

47 gobodom the Trooper (level 3, 0/24 HPs)
             Began as a Gargoyle Berserker on June 28, 2022.
             Was a Follower of Trog.
             Slain by Natasha (1 damage)
             ... on level 2 of the Dungeon.
             The game lasted 00:04:24 (1159 turns).

gobodom the Trooper (Gargoyle Berserker)            Turns: 1159, Time: 00:04:24

Health: 0/24       AC: 16    Str: 20    XL:     3   Next: 70%
Magic:  3/3        EV:  6    Int:  7    God:    Trog [*.....]
Gold:   39         SH:  0    Dex: 11    Spells: 2/2 levels left

rFire   . . .      SeeInvis .   a - +0 hand axe
rCold   . . .      Faith    .   (no shield)
rNeg    + . .      Spirit   .   m - +0 plate armour
rPois   ∞          Reflect  .   (no helmet)
rElec   +          Harm     .   j - +0 cloak
rCorr   .          Rampage  .   p - +0 pair of gloves
Will    .....                   (no boots)
Stlth   ..........              (no amulet)
HPRegen 0.08/turn               (no ring)
MPRegen 0.08/turn               (no ring)

@: on berserk cooldown, slowed, very slow
A: sickness immunity, AC +3, negative energy resistance 1, electricity
resistance, torment resistance 1, petrification resistance
a: Renounce Religion, Berserk


You were on level 2 of the Dungeon.
You worshipped Trog.
Trog was aware of your devotion.
You visited 1 branch of the dungeon, and saw 2 of its levels.

You collected 67 gold pieces.
You spent 28 gold pieces at shops.

Inventory:

Hand Weapons
 a - a +0 hand axe (weapon)
 o - a +0 shortbow
Armour
 b - a +0 animal skin
 j - a +0 cloak (worn)
 m - a +0 plate armour (worn)
 n - a +0 scale mail
 p - a +0 pair of gloves (worn)
Scrolls
 c - a scroll of vulnerability {unknown}
 d - 2 scrolls of noise {unknown}
 e - a scroll of acquirement {unknown}
 f - a scroll of teleportation {unknown}
 g - a scroll of amnesia {unknown}
 i - a scroll of magic mapping {unknown}
 l - a scroll of identify
 q - 2 scrolls of poison {unknown}
 r - a scroll of brand weapon {unknown}
Potions
 h - 2 potions of magic
 k - a potion of curing {unknown}


   Skills:
 + Level 3.9 Fighting
 + Level 3.6 Axes
 + Level 2.3 Armour
 + Level 1.7 Dodging


You had 2 spell levels left.
You didn't know any spells.
Your spell library was empty.

Dungeon Overview and Level Annotations

Branches:
Dungeon (2/15)

Altars:

Shops:
D:1 [*[*?

Annotations:
D:2 Natasha


Innate Abilities, Weirdness & Mutations

You are immune to sickness and miasma.
Your stone body is resilient. (AC +3)
You are immune to poison.
You resist negative energy. (rN+)
You are resistant to electric shocks. (rElec)
You are resistant to unholy torment.
You are immune to petrification.


Message History

The puff of flame hits you but does no damage.
You hit Natasha but do no damage.
Natasha is moderately wounded.
Natasha zaps a wand.
The puff of flame hits you but does no damage.
Natasha stares at you and mumbles some strange words.
You resist with significant effort.
You hit Natasha.
Natasha is heavily wounded.
Natasha barely misses you.
You closely miss Natasha.
Natasha is heavily wounded.
Natasha claws you but does no damage. x2
You closely miss Natasha.
Natasha is heavily wounded.
Natasha completely misses you. Natasha casts a spell at you.
You feel as though you will be slow longer.
You miss Natasha.
Natasha is heavily wounded.
Natasha claws you but does no damage.
You barely miss Natasha.
Natasha is heavily wounded.
Natasha zaps a wand.
The puff of flame hits you but does no damage.
Natasha completely misses you.
You miss Natasha.
Natasha is heavily wounded.
Natasha casts a spell at you.
The magic dart hits you but does no damage.
Natasha claws you.
You hit Natasha but do no damage.
Natasha is heavily wounded.
Natasha zaps a wand.
The puff of flame hits you.
You closely miss Natasha.
Natasha is heavily wounded.
Natasha zaps a wand.
The puff of flame hits you!
* * * LOW HITPOINT WARNING * * *
Natasha claws you.
You die...

#..........####
###........#...# ......
...........#...# ......
......##...#...###......
...........#............
...........#............
........................
........##.......h......
........##......@.......
........##..............
........##..............
##########..............
#.....#+####### #######


You could see Natasha.

Vanquished Creatures
  Natasha (D:2)
  A worm (D:2)
  A dart slug (D:2)
  3 ball pythons
  3 endoplasms
  2 goblins
  2 hobgoblins
  A quokka (D:1)
  A bat (D:2)
  A frilled lizard (D:1)
  A rat (D:2)
17 creatures vanquished.

Notes
Turn   | Place    | Note
-------+----------+-------------------------------------------
     0 | D:1      | gobodom the Gargoyle Berserker began the quest for the Orb.
     0 | D:1      | Reached XP level 1. HP: 14/14 MP: 1/1
    34 | D:1      | Found Cibru's Armour Emporium.
   113 | D:1      | Found Pouph's General Store.
   312 | D:1      | Reached XP level 2. HP: 18/19 MP: 2/2
   584 | D:1      | Found Ewkot's Assorted Antiques.
   632 | D:1      | Found Irerih's Armour Shoppe.
   768 | D:1      | Found Lallat's Magic Scroll Boutique.
   775 | D:1      | Bought a scroll of identify for 28 gold pieces
   912 | D:2      | Found a faded altar of an unknown god.
  1126 | D:2      | Noticed Natasha
  1127 | D:2      | Noticed a crimson imp
  1135 | D:2      | Killed Natasha
  1136 | D:2      | Reached XP level 3. HP: 22/24 MP: 3/3
  1146 | D:2      | Noticed Natasha
  1159 | D:2      | HP: 1/24 [Natasha/puff of flame (7)]
  1159 | D:2      | Slain by Natasha

Illustrated notes

Levels and vault maps discovered:
D:1:      minmay_arrival_loop, layout_loops_ring, serial_shops, shop,
          nicolae_shop_advertising_works [nicolae_subvault_shop_adworks],
          nicolae_shop_hallway_stairs, shop,
          nicolae_shop_competitors_out_of_business
D:2:      layout_basic, ebering_ecumenical_altar_mist, kennysheep_jessica_study,
          uniq_natasha

Skill      XL: |  1  2 |
---------------+-------+-----
Axes           | 3 |  3.6
Fighting       | |  3.9
Armour         | |  2.3
Dodging        | |  1.7

Action                   || total
-------------------------++-------
Melee: Hand axe          ||    66
Invok: Berserk           ||     1
  Use: Scroll            ||     1
Armor: Animal skin       ||    14
       Plate armour      ||    26
Dodge: Dodged            ||    27

Table legend: (Time is in decaauts)
 A = Elapsed time spent in this place.
 B = Non-inter-level travel time spent in this place.
 C = Inter-level travel time spent in this place.
 D = Time resting spent in this place.
 E = Time spent auto-exploring this place.
 F = Levels seen in this place.
 G = Mean time per level.
                   A        B        C        D        E       F      G
               +--------+--------+--------+--------+--------+-----+--------+
         Total |   1176 |   1168 |      8 |      0 |    846 |   2 |  588.0 |
       Dungeon |   1176 |   1168 |      8 |      0 |    846 |   2 |  588.0 |
               +--------+--------+--------+--------+--------+-----+--------+

Top non-repeatable levels by time:
     D:1: 909 daAuts
     D:2: 267 daAuts
